Map: 얼어붙은 사원

Players

Friend

  • Race: Zerg Zerg

Scarlett - Winner!

  • Race: Zerg Zerg
  • League: Grandmaster

VOD

Have the link to the VOD?

Description

Time

  • Played on: April 14, 2016, 12:40 p.m.
  • Length: 9:48
Show
View Real Time Build Order
Export as new Build Order

Friend Zerg 

Build Orders: Hatch First, Zergling Baneling 

Get SALT Encoding   

  12  0:01  Drone  
  13  0:12  Overlord  
  13  0:18  Drone  
  14  0:32  Drone x2  
  16  0:36  Drone  
  17  0:53  Hatchery  
  17  0:56  Drone  
  17  0:58  Drone  
  18  1:10  Extractor  
  17  1:13  Spawning Pool  
  17  1:16  Drone  
  17  1:18  Drone  
  18  1:28  Drone  
  19  1:40  Overlord  
  19  1:50  Drone  
  20  2:00  Queen  
  22  2:02  Zergling x2  
  22  2:06  Queen, Drone  
  26  2:11  Metabolic Boost  
  26  2:12  Drone  
  27  2:17  Drone  
  28  2:27  Spore Crawler  
  27  2:31  Drone x2  
  29  2:37  Spore Crawler  
  29  2:39  Spore Crawler  
  29  2:40  Drone x2  
  29  2:43  Baneling Nest  
  31  2:51  Drone  
  32  2:52  Zergling x2  
  32  2:57  Hatchery  
  32  3:02  Overlord  
  32  3:09  Zergling x4  
  34  3:15  Zergling x4  
  36  3:22  Zergling x6  
  36  3:23  Zergling x4  
  36  3:26  Baneling x2  
  40  3:31  Zergling x4  
  38  3:43  Zergling x4  
  40  3:52  Baneling x2  
  40  3:54  Zergling x14  
  41  4:07  Drone x2  
  40  4:25  Drone x3  
  40  4:26  Drone  
  40  4:27  Baneling x8  
  38  4:53  Drone x7  
  38  4:54  Drone  
  45  5:00  Zergling x8  
  45  5:06  Queen  
  48  5:07  Extractor, Roach Warren  
  48  5:12  Overlord x3  
  49  5:18  Baneling x4, Roach Warren  
  48  5:25  Overlord  
  48  5:29  Overlord  
  48  5:32  Zergling x8  
  52  5:58  Roach x9  
  70  6:09  Overlord x2  
  70  6:10  Zergling x2  
  70  6:11  Zergling x6  
  72  6:32  Zergling x18  
  79  6:37  Baneling x5  
  79  6:41  Zergling x6  
  75  6:55  Zergling x14  
  72  7:13  Zergling x2  
  72  7:14  Zergling x18  
  68  7:16  Queen  
  68  7:17  Queen  
  62  7:27  Zergling x10  
  60  7:45  Lair  
  60  7:47  Spore Crawler  
  60  7:48  Spore Crawler  
  60  7:49  Spore Crawler  
  60  7:50  Drone x2  
  60  7:51  Spore Crawler x2  
  58  7:57  Queen  
  59  8:01  Drone x2  
  60  8:06  Drone  
  60  8:07  Drone x2  
  61  8:21  Drone x6  
  62  8:35  Drone x8  
  66  8:44  Drone x4  
  66  8:45  Drone  
  66  8:47  Extractor  
  67  8:52  Hydralisk Den  
  66  8:59  Extractor  
  66  9:00  Drone  
  66  9:02  Drone x2  
  68  9:05  Roach x2  
  72  9:10  Overlord, Extractor  
  72  9:11  Extractor  
  72  9:16  Roach  
  72  9:17  Roach x3  
  72  9:23  Roach  
Show
View Real Time Build Order
Export as new Build Order

Scarlett Zerg - Winner!

Build Orders: Pool First, Zergling Baneling 

Get SALT Encoding   

  12  0:01  Drone  
  13  0:09  Drone  
  14  0:17  Overlord  
  14  0:23  Extractor  
  14  0:24  Drone  
  15  0:37  Drone x2  
  17  0:44  Spawning Pool  
  17  0:48  Drone  
  17  0:58  Drone  
  17  1:02  Extractor  
  17  1:10  Drone  
  19  1:18  Drone  
  19  1:22  Hatchery  
  18  1:31  Queen  
  20  1:34  Zergling x2  
  21  1:40  Drone  
  22  1:48  Overlord  
  22  2:02  Metabolic Boost  
  22  2:09  Queen  
  22  2:11  Drone x2  
  26  2:25  Drone  
  27  2:34  Queen  
  29  2:42  Zergling x10  
  34  2:46  Baneling Nest  
  34  2:50  Overlord  
  33  2:51  Zergling x2  
  34  2:59  Zergling x2  
  34  3:00  Zergling x2  
  36  3:11  Drone x2  
  37  3:13  Lair  
  37  3:17  Extractor  
  37  3:19  Drone x2  
  38  3:23  Zergling x2  
  39  3:32  Baneling  
  39  3:33  Baneling  
  38  3:40  Drone x5  
  42  3:51  Baneling  
  42  3:52  Baneling  
  42  3:53  Drone  
  42  3:54  Overlord, Drone  
  43  3:57  Extractor  
  43  3:58  Extractor  
  41  4:07  Baneling x3  
  38  4:18  Spine Crawler, Baneling x2  
  38  4:19  Zergling x2  
  38  4:20  Zergling x8  
  42  4:29  Queen  
  44  4:32  Zergling x4  
  43  4:46  Spire  
  43  4:50  Baneling  
  40  4:56  Spine Crawler  
  40  4:57  Baneling x2  
  38  5:05  Drone x6  
  44  5:14  Drone  
  44  5:15  Drone x2  
  47  5:25  Overlord  
  47  5:26  Overlord  
  47  5:42  Hatchery  
  47  5:48  Overseer  
  46  5:50  Drone x3  
  49  6:00  Mutalisk x2  
  53  6:05  Mutalisk  
  53  6:10  Mutalisk  
  57  6:14  Mutalisk  
  58  6:20  Zerg Flyer Weapons Level 1  
  58  6:26  Mutalisk  
  60  6:32  Mutalisk  
  60  6:34  Zergling x2  
  60  6:35  Zergling x4  
  65  6:44  Mutalisk  
  65  6:46  Baneling  
  65  6:47  Baneling x2  
  63  7:04  Mutalisk  
  63  7:05  Zergling x2  
  63  7:06  Zergling x10  
  63  7:07  Queen  
  65  7:18  Mutalisk x2  
  65  7:19  Zergling x4  
  64  7:39  Drone  
  64  7:40  Drone x5  
  64  7:41  Queen  
  70  7:59  Baneling x2  
  70  8:03  Mutalisk x2  
  70  8:05  Overlord x3  
  74  8:25  Zergling x6  
  74  8:26  Zergling x2  
  78  8:27  Drone x3  
  76  8:41  Overlord  
  76  8:42  Drone  
  76  8:43  Drone x5  
  80  8:52  Hydralisk Den, Drone  
  80  8:53  Drone x2  
  82  8:55  Evolution Chamber  
  81  9:06  Baneling x2  
  81  9:07  Drone  
  81  9:08  Drone x3  
  85  9:19  Mutalisk x2  
  85  9:21  Baneling  
  85  9:23  Zergling x2  
  85  9:24  Zergling x10  
Tags
 
Add a new tag
Caveats
  • Supply blocks, unpowered buildings, or Contaminate may cause inaccurate times.
  • Supply counts are checked every 10 seconds.